 Dungeon Crawl Stone Soup version 0.17.1-3-g152610e (webtiles) character file.

665416 Heskey the Conqueror (level 27, -4/199 HPs)
             Began as a Gargoyle Fighter on Apr 22, 2016.
             Was the Champion of Okawaru.
             Slain by an Orb Guardian (18 damage)
             ... on level 5 of the Realm of Zot on Apr 25, 2016.
             The game lasted 05:31:23 (86064 turns).

Heskey the Conqueror (Gargoyle Fighter)            Turns: 86064, Time: 05:31:23

Health: -4/199     AC: 62    Str: 43    XL:     27
Magic:  32/32      EV: 11    Int: 11    God:    Okawaru [******]
Gold:   6244       SH: 25    Dex:  4    Spells: 0 memorised, 26 levels left

rFire  + + +     SeeInvis +     f - +7 demon whip (vamp)
rCold  . . .     Clarity  +     Z - +2 crystal plate armour "Miogoq" {+Blink rF+ MR++}
rNeg   + . .     SustAt   .     Y - +5 shield {reflect}
rPois  ∞         Gourm    .     D - +2 hat {Int+3}
rElec  +         Spirit   .     V - +2 cloak
rCorr  +         Warding  .     K - +2 pair of gloves {Str+3}
rMut   .         Rnd*Tele +     F - +2 pair of boots {run}
MR     +++++                    h - amulet of resist corrosion
Stlth  ..........               g - ring of Altruism {rF++ Str+9 Dex-4 SInv}
                                O - +3 ring of slaying

@: studying Throwing, quick, almost entirely resistant to hostile enchantments,
extremely unstealthy
A: big wings, talons 1, large bone plates 1, berserk 1, blurry vision 2, breathe
flames 1, clarity, clumsy 1, deformed body, deterioration 2, dopey 1, magic
resistance 1, negative energy resistance 1, screaming 1, electricity resistance,
slow regeneration 1, teleportitis 1, unbreathing, petrification resistance, rot
immunity, MP-powered wands, AC +20
a: Fly, Heroism, Finesse, Renounce Religion, Breathe Fire, Evoke Blink
}: 3/15 runes: serpentine, barnacled, silver


You were on level 5 of the Realm of Zot.
You worshipped Okawaru.
Okawaru was exalted by your worship.
You were not hungry.

You visited 13 branches of the dungeon, and saw 60 of its levels.
You also visited: Ice Cave.

You collected 8096 gold pieces.
You spent 1852 gold pieces at shops.

Inventory:

Hand Weapons
 c - the +8 flail "Qitex" {antimagic, rC- MR- Int+3 SInv}
   (Okawaru gifted it to you on level 1 of the Depths)

   It disrupts the flow of magical energy around spellcasters and certain
   magical creatures (including the wielder).
   It affects your intelligence (+3).
   It makes you vulnerable to cold.
   It affects your resistance to hostile enchantments.
   It lets you see invisible.
 f - a +7 vampiric demon whip (weapon)
Missiles
 C - 13 throwing nets (quivered)
Armour
 D - a +2 hat of intelligence (worn)
 F - a +2 pair of boots of running (worn)
 I - the +2 pair of boots of Exclusion {+Fly rN++ MP-9 Int-5}
   (Okawaru gifted it to you on level 3 of the Crypt)

   It affects your intelligence (-5).
   It greatly protects you from negative energy.
   It affects your magic capacity (-9).
   It lets you fly.
 K - a +2 pair of gloves of strength (worn)
 V - a +2 cloak (worn)
 Y - a +5 shield of reflection (worn)
 Z - the +2 crystal plate armour "Miogoq" (worn) {+Blink rF+ MR++}
   (You found it on level 5 of the Vaults)

   It protects you from fire.
   It affects your resistance to hostile enchantments.
   It lets you blink.
Jewellery
 g - the ring of Altruism (right hand) {rF++ Str+9 Dex-4 SInv}
   (You took it off a mummy priest on level 1 of the Tomb of the Ancients)

   [ring of see invisible]

   It affects your strength (+9).
   It affects your dexterity (-4).
   It greatly protects you from fire.
   It lets you see invisible.
 h - an amulet of resist corrosion (around neck)
 O - a +3 ring of slaying (left hand)
Wands
 j - a wand of fireball (14)
 s - a wand of teleportation (6)
 x - a wand of digging (8)
 P - a wand of disintegration (12)
 R - a wand of teleportation (3)
 W - a wand of teleportation (6)
Scrolls
 o - 22 scrolls of remove curse
 w - 4 scrolls of identify
 E - 4 scrolls of magic mapping
Potions
 d - 17 potions of curing
 n - 9 potions of heal wounds
Books
 H - a manual of Throwing
Miscellaneous
 a - a phial of floods
 b - 3 phantom mirrors
 k - a disc of storms
 q - a sack of spiders {used: 3}
 z - a sack of spiders
 J - a lantern of shadows
 M - a legendary deck of changes {drawn: 2}
 N - a disc of storms
 Q - a legendary deck of defence {drawn: 2}
 U - a crystal ball of energy
Comestibles
 e - 25 bread rations
 i - 4 beef jerkies
 v - 12 meat rations
 S - 30 fruits


   Skills:
 O Level 27 Fighting
 - Level 18.6 Maces & Flails
 - Level 6.0 Throwing
 + Level 25.2 Armour
 + Level 16.1 Dodging
 + Level 22.8 Shields
 - Level 7.9 Invocations
 - Level 13.0 Evocations


You had 26 spell levels left.
You didn't know any spells.

Dungeon Overview and Level Annotations

Branches:
Dungeon (15/15)            Temple (0/1) D:5            Lair (8/8) D:10
 Shoals (4/4) Lair:6        Snake (4/4) Lair:6        Slime (1/6) Lair:7
    Orc (4/4) D:9             Elf (3/3) Orc:3        Vaults (5/5) D:14
  Crypt (3/3) Vaults:3       Tomb (2/3) Crypt:3      Depths (5/5) D:15
   Hell (1/1)                 Zot (5/5) Depths:5
    Dis: Hell:1         Geh: Hell:1         Coc: Hell:1         Tar: Hell:1

Altars:
Ashenzari
Dithmenos
Elyvilon
Gozag
Kikubaaqudgha
Okawaru
Qazlal
Sif Muna
Vehumet
Xom
Yredelemnul
Zin

Shops:
Orc:1 %   Orc:4 (=**   Shoals:2 [   Snake:1 *   Snake:4 [   Vaults:2 !
Vaults:4 *}!([*

Portals:
Hell: Depths:1 Depths:2 Depths:3 Depths:4 Depths:5
Abyss: Depths:1 Depths:3 Depths:4
Pandemonium: Depths:3
Ziggurat: Depths:3
Trove: D:11 (show slimy rune of Zot)

Annotations:
Hell Geryon


Innate Abilities, Weirdness & Mutations

You are resistant to torment.
Your stone body is resilient (AC +20).
You are immune to poison.
Your large and strong wings let you fly indefinitely.
You resist negative energy.
You are resistant to electric shocks.
You can survive without breathing.
You are immune to petrification.
You are immune to rotting.
You have sharp toenails.
You are partially covered in large bone plates (AC +2, SH +2).
You tend to lose your temper in combat.
Scrolls take you longer to read.
You can breathe flames.
You possess an exceptional clarity of mind.
You are clumsy. (Dex -2)
Armour fits poorly on your strangely shaped body.
Your body often deteriorates upon taking damage.
You are dopey. (Int -2)
You are resistant to hostile enchantments.
You occasionally shout uncontrollably at your foes.
You regenerate slowly when monsters are visible.
You are occasionally teleported next to monsters.
You expend magic power (3 MP) to strengthen your wands.


Message History

Your vision blurs.
The Orb Guardian hits you but does no damage.
The purple draconian closely misses you.
You block the red draconian's attack.
The red draconian knight hits you but does no damage.
Unknown command.
Unknown command.
Unknown command.
Unknown command.
Unknown command.
Unknown command.
You whack the ancient lich!
The ancient lich is severely damaged.
You are engulfed in roaring flames.
You resist.
* * * LOW HITPOINT WARNING * * *
The orb of fire glows bright magenta.
Strange energies course through your body.
You feel a little pissed off. The Orb Guardian hits you!!
You die...

..................▓▓
...................▓
...................▓
.......^...../...§▓▓
..............}..▓▓
......8.2.......▓▓
......ydD8q......▓
......d***X.......▓
......1L@qdp.......▓
......§XX*d........▓
........Xq........▓
.................▓
▓...............▓
#▓▓▓▓▓▓▓▓▓▓▓##(....▓
###..^^W.... ......
##....##..... ......
##...### ...


You could see 4 orbs of fire, a Killer Klown, an electric golem, 2 draconians,
an ancient lich, a Shadow Fiend, a mottled draconian, a purple draconian, 2
draconians, a fire dragon, a hell beast, 4 Orb Guardians, a green draconian
scorcher and a moth of wrath.

Vanquished Creatures
  3 orbs of fire (Zot:5)
  3 ancient liches
  Mennas (Crypt:2)
  A juggernaut (Depths:4)
  6 greater mummies (Tomb:1)
  Sojobo (Vaults:3)
  The ghost of WereVolvo the Executioner, a veteran HOFi of the Shining One (Depths:1)
  Saint Roka (Depths:2)
  A Killer Klown (Zot:5)
  A curse toe (Zot:3)
  The ghost of nublet the Cryomancer, a veteran CeIE of Vehumet (Vaults:5)
  A caustic shrike (Depths:1)
  Jory (Crypt:3)
  3 golden dragons
  A profane servitor (Crypt:3)
  A bone dragon (Crypt:3)
  5 liches
  Jorgrun (Vaults:1)
  An electric golem (Zot:2)
  13 tentacled monstrosities
  9 Orb Guardians
  3 deep elf blademasters
  Asterion (Snake:3)
  A quicksilver dragon (Vaults:4)
  An acid blob (Lair:7)
  A deep elf master archer (Elf:3)
  2 krakens (Shoals:4)
  2 titans
  Polyphemus (Shoals:4)
  8 death cobs
  An ancient champion (Crypt:3)
  An eldritch tentacle (Zot:5)
  7 tengu reavers
  14 sphinxes
  A revenant (Crypt:3)
  6 shadow dragons
  Roxanne (Elf:2)
  13 storm dragons
  7 fire giants
  Ilsuiw (Shoals:4)
  3 draconian monks
  2 orc warlords
  9 frost giants
  5 draconian knights
  Donald (Snake:3)
  11 greater nagas
  5 iron dragons
  15 vault wardens
  6 deep elf sorcerers
  7 draconian zealots
  Louise (Shoals:1)
  8 draconian scorchers
  3 ghost moths
  A curse skull (Crypt:2)
  4 ghouls
  8 draconian shifters
  25 stone giants
  7 draconian annihilators
  4 war gargoyles
  13 very ugly things
  2 reapers
  16 ironheart preservers
  3 green draconians
  10 black draconians
  4 bennus (Tomb:1)
  A draconian caller (Zot:1)
  7 deep elf demonologists
  6 deep elf annihilators
  13 red draconians
  3 vampire knights
  12 white draconians
  A salamander stormcaller (Vaults:4)
  12 mottled draconians
  13 yellow draconians
  8 purple draconians
  3 eidola
  6 merfolk javelineers (Shoals:4)
  11 merfolk impalers
  24 vault guards
  8 deep elf death magi
  32 jiangshi
  18 yaktaur captains
  15 mummy priests
  11 great orbs of eyes
  9 ettins
  21 fire dragons
  4 rakshasas
  A deep elf high priest (Elf:3)
  Fannar (Lair:3)
  18 ice dragons
  6 entropy weavers
  12 ogre magi
  Harold (Lair:3)
  16 hydras
  5 spriggan air magi
  7 death knights
  A hell beast (Depths:1)
  16 naga warriors
  4 merfolk avatars
  9 anacondas
  9 catoblepae
  11 centaur warriors
  3 merfolk aquamancers (Shoals:4)
  An alligator snapping turtle (Shoals:3)
  15 dancing weapons
  10 deep troll earth magi
  A queen ant (shapeshifter) (Depths:5)
  7 shock serpents
  11 tengu warriors
  21 death yaks
  A titan zombie (Crypt:3)
  10 spriggan berserkers
  12 vampire magi
  2 orc high priests (Elf:2)
  17 naga sharpshooters
  6 deep troll shamans
  3 fire crabs
  A sun demon (Depths:3)
  2 soul eaters
  4 iron trolls
  3 shadow wraiths
  20 hell knights
  25 skeletal warriors
  A storm dragon skeleton (Crypt:2)
  31 deep elf knights
  2 unseen horrors
  2 fire crabs (shapeshifter)
  14 anubis guards
  31 deep trolls
  A quicksilver dragon simulacrum (Crypt:2)
  8 naga ritualists
  A gelid demonspawn (Depths:3)
  A sea snake (shapeshifter) (Depths:2)
  2 wizards
  A death drake (shapeshifter) (Vaults:5)
  21 deep elf summoners
  3 giant orange brains
  2 salamander mystics
  10 ironbrand convokers
  An orange crystal statue (Depths:4)
  12 sea snakes
  11 phantasmal warriors
  27 harpies
  An anaconda skeleton (Crypt:1)
  Pikel (D:6)
  5 mana vipers
  9 flayed ghosts
  10 hill giants
  20 deep elf conjurers
  5 orc sorcerers
  28 orc knights
  45 ugly things
  3 wolf spiders
  14 griffons
  5 cyclopes
  13 necromancers
  A cyclops (shapeshifter) (Vaults:4)
  An orb spider (shapeshifter) (Depths:1)
  7 fauns (Shoals:2)
  3 hornets
  2 tengu skeletons
  A rust devil (Depths:3)
  8 elephants
  18 manticores
  2 octopodes (shapeshifter)
  3 water nymphs
  11 salamanders
  22 moths of wrath
  A stone giant skeleton (Tomb:1)
  37 black mambas
  2 molten gargoyles (Lair:3)
  3 gargoyles
  8 sirens
  10 vault sentinels
  4 guardian serpents
  A guardian serpent (shapeshifter) (Vaults:2)
  20 naga magi
  A torpor snail (Lair:4)
  15 spiny frogs
  65 yaktaurs
  A pale draconian zombie (Crypt:1)
  11 komodo dragons
  A ghost moth simulacrum (Crypt:2)
  16 trolls
  18 deep elf priests
  A yaktaur skeleton (D:15)
  17 guardian mummies
  A black draconian skeleton (Crypt:1)
  A red devil (Depths:1)
  5 tengu conjurers
  A hellwing (Depths:3)
  A jumping spider (shapeshifter) (Depths:1)
  A polar bear (shapeshifter) (Elf:1)
  A queen ant zombie (Crypt:1)
  3 fire drakes
  20 freezing wraiths
  31 merfolk
  Grinder (D:5)
  An iron dragon simulacrum (Crypt:3)
  5 jumping spiders
  10 snapping turtles
  A spriggan zombie (D:15)
  17 ushabtiu
  An ettin zombie (D:15)
  5 boulder beetles
  5 large abominations
  26 two-headed ogres
  A bog body (Crypt:1)
  A trapdoor spider zombie (D:12)
  59 flying skulls
  40 slime creatures
  2 fire dragon zombies
  3 wind drakes
  A death drake skeleton (Crypt:2)
  5 spriggans
  A spriggan (shapeshifter) (Depths:2)
  A tarantella (shapeshifter) (Vaults:2)
  22 blink frogs
  A trapdoor spider (shapeshifter) (Vaults:4)
  5 water elementals
  A griffon skeleton (Crypt:2)
  3 trapdoor spiders
  A yak (shapeshifter) (Depths:3)
  Sigmund (D:8)
  13 redbacks
  An ice dragon skeleton (Crypt:3)
  3 tarantellas
  A wyvern (D:12)
  4 shadows
  4 vampires
  5 air elementals
  33 deep elf magi
  4 hungry ghosts
  A steam dragon (D:7)
  37 deep elf fighters
  12 wraiths
  2 basilisks
  A death yak simulacrum (IceCv)
  57 yaks
  12 hippogriffs
  The ghost of Tobisume the Twirler, an amateur DsGl (D:4)
  13 vampire mosquitoes
  11 wargs
  A soldier ant (D:12)
  5 mottled dragons
  11 wolves
  20 water moccasins
  5 small abominations
  A spriggan simulacrum (Depths:1)
  A water moccasin (shapeshifter) (Vaults:1)
  2 porcupines (shapeshifter)
  4 sky beasts
  2 phantoms
  9 porcupines
  A manticore zombie (Crypt:2)
  A slave (D:6)
  An alligator simulacrum (IceCv)
  2 black bears
  50 nagas
  An eye of draining (Slime:1)
  10 ice beasts
  A fire dragon simulacrum (Crypt:3)
  4 hell hounds (Elf:3)
  2 eyes of draining (shapeshifter)
  7 necrophages
  5 wasps
  59 ogres
  The ghost of Shotgun the Skirmisher, an amateur DsFi (D:3)
  2 boggarts (Vaults:2)
  47 orc warriors
  A manticore skeleton (Crypt:1)
  A fire crab zombie (Crypt:2)
  22 centaurs
  A gnoll sergeant (D:7)
  3 big kobolds
  3 brain worms
  19 crocodiles
  A wyvern zombie (D:14)
  21 giant frogs
  3 scorpions
  7 killer bees (D:10)
  A polar bear zombie (Crypt:2)
  A warg zombie (Crypt:1)
  A raiju zombie (Crypt:1)
  A swamp dragon simulacrum (IceCv)
  18 wights
  A raiju skeleton (Crypt:1)
  5 lava snakes (Lair:3)
  9 electric eels
  11 crimson imps
  A quasit (D:10)
  A giant frog zombie (D:5)
  5 centaur zombies
  5 centaur skeletons
  4 hounds
  Crazy Yiuf (D:3)
  13 iguanas
  35 orc priests
  4 jellies
  34 orc wizards
  A giant frog skeleton (D:11)
  3 draconian simulacra (IceCv)
  12 worker ants
  3 iron imps
  A porcupine skeleton (Crypt:2)
  A wolf simulacrum (IceCv)
  40 sheep
  A killer bee zombie (D:8)
  3 troll simulacra (IceCv)
  A hound zombie (D:5)
  26 mummies
  A worker ant zombie (D:6)
  11 adders
  4 gnolls (D:7)
  2 naga simulacra (IceCv)
  An ogre simulacrum (IceCv)
  75 river rats
  8 shadow imps
  13 white imps
  2 ufetubi (Depths:3)
  4 oozes
  A worm (D:2)
  3 adder skeletons
  2 giant geckos
  180 orcs
  5 bats
  8 giant cockroaches
  5 hobgoblins
  12 jackals
  4 quokkas
  2 ball pythons
  A ball python skeleton (Crypt:2)
  A giant gecko skeleton (D:4)
  A giant gecko zombie (D:5)
  6 giant newts
  A giant newt skeleton (Crypt:2)
  7 goblins
  A hobgoblin skeleton (Crypt:2)
  A jackal zombie (Crypt:1)
  15 kobolds
  A quokka skeleton (D:4)
  8 rats
  4 crawling corpses
  A fire vortex (Vaults:2)
  A lost soul (Crypt:2)
  4 plants
  A spectral weapon (Snake:3)
  9 tentacles (Shoals:4)
2969 creatures vanquished.

Vanquished Creatures (collateral kills)
  A crawling corpse (Elf:3)
1 creature vanquished.

Vanquished Creatures (others)
  A deep elf master archer (Elf:3)
  A tengu reaver (Vaults:4)
  A fire giant (Depths:4)
  A draconian knight (Zot:3)
  Aizul (Snake:3)
  A deep elf sorcerer (Vaults:5)
  A draconian annihilator (Zot:2)
  2 stone giants (Vaults:5)
  A draconian caller (Zot:3)
  A mottled draconian (Zot:3)
  3 merfolk javelineers
  8 vault guards (Vaults:5)
  A deep elf high priest (Vaults:4)
  4 yaktaur captains
  2 naga sharpshooters
  A fire crab (Vaults:3)
  2 deep elf knights
  A necromancer (Depths:2)
  A salamander (Depths:3)
  A moth of wrath (Zot:5)
  A naga mage (Snake:4)
  20 yaktaurs
  A wolf spider simulacrum (Tomb:2)
  A wind drake (Shoals:4)
  A two-headed ogre (Vaults:1)
  A harpy skeleton (Tomb:2)
  3 flying skulls (Tomb:2)
  A deep elf mage (Elf:3)
  2 deep elf fighters
  3 boggarts (Vaults:2)
  2 ogres (Orc:4)
  2 centaurs
  An orc priest (D:14)
  4 orc wizards
  A mummy (Tomb:2)
  4 orcs
  2 crawling corpses (Depths:4)
  25 eldritch tentacle segments (Zot:5)
  5 fungi
  5 lost souls
  18 plants
  32 tentacles (Shoals:4)
  2997 tentacle segments (Shoals:4)
3167 creatures vanquished.

Grand Total: 6137 creatures vanquished

Notes
Turn   | Place    | Note
--------------------------------------------------------------
     0 | D:1      | Heskey the Gargoyle Fighter began the quest for the Orb.
     0 | D:1      | Reached XP level 1. HP: 14/14 MP: 1/1
   245 | D:1      | Reached XP level 2. HP: 19/19 MP: 2/2
   561 | D:1      | Reached XP level 3. HP: 8/24 MP: 3/3
  1036 | D:2      | Found a glowing silver altar of Zin.
  1040 | D:2      | Found a deep blue altar of Sif Muna.
  1040 | D:2      | Found an iron altar of Okawaru.
  1074 | D:2      | Became a worshipper of Warmaster Okawaru
  1150 | D:2      | Found a shadowy altar of Dithmenos.
  1477 | D:3      | Found a radiant altar of Vehumet.
  1549 | D:3      | Found an opulent altar of Gozag.
  1579 | D:3      | Noticed Shotgun's ghost (amateur DsFi)
  1832 | D:2      | Reached skill level 4 in Fighting
  1832 | D:2      | Reached XP level 4. HP: 25/29 MP: 4/4
  2222 | D:3      | Reached XP level 5. HP: 31/34 MP: 5/5
  2501 | D:3      | Noticed Crazy Yiuf
  2515 | D:3      | Killed Crazy Yiuf
  2611 | D:3      | Killed Shotgun's ghost
  2611 | D:3      | Reached * piety under Okawaru
  2611 | D:3      | Reached skill level 5 in Fighting
  2611 | D:3      | Reached XP level 6. HP: 38/40 MP: 6/6
  3618 | D:4      | Reached XP level 7. HP: 45/45 MP: 7/7
  3815 | D:4      | Noticed Tobisume's ghost (amateur DsGl)
  4143 | D:4      | Killed Tobisume's ghost
  4143 | D:4      | Reached skill level 6 in Fighting
  4143 | D:4      | Reached skill level 5 in Shields
  4647 | D:5      | Entered Level 5 of the Dungeon
  4735 | D:5      | Reached ** piety under Okawaru
  4735 | D:5      | Reached skill level 5 in Armour
  4865 | D:5      | Reached XP level 8. HP: 52/52 MP: 8/8
  4893 | D:5      | Found a shattered altar of Ashenzari.
  5051 | D:5      | Noticed Grinder
  5074 | D:5      | Paralysed by Grinder for 5 turns
  5079 | D:5      | Killed Grinder
  5079 | D:5      | Reached skill level 7 in Fighting
  5559 | D:5      | Found a staircase to the Ecumenical Temple.
  5666 | D:6      | Reached skill level 5 in Maces & Flails
  5692 | D:6      | Found a shadowy altar of Dithmenos.
  5827 | D:6      | Reached skill level 8 in Fighting
  5866 | D:6      | Found a stormy altar of Qazlal.
  5909 | D:6      | Noticed Pikel
  5945 | D:6      | Killed Pikel
  5945 | D:6      | Reached *** piety under Okawaru
  5945 | D:6      | Reached XP level 9. HP: 57/60 MP: 9/9
  6036 | D:6      | Reached skill level 9 in Fighting
  6574 | D:7      | Reached skill level 1 in Invocations
  6771 | D:7      | Reached **** piety under Okawaru
  7474 | D:8      | Found a shimmering altar of Xom.
  8019 | D:8      | Noticed Sigmund
  8031 | D:8      | Killed Sigmund
  8031 | D:8      | Reached skill level 10 in Fighting
  8031 | D:8      | Reached XP level 10. HP: 63/68 MP: 9/12
  8180 | D:9      | Found a shimmering altar of Xom.
  8519 | D:9      | Reached ***** piety under Okawaru
  8755 | D:9      | Found a staircase to the Orcish Mines.
  9168 | D:9      | Received a gift from Okawaru
  9303 | D:10     | Entered Level 10 of the Dungeon
  9341 | D:10     | Found a staircase to the Lair.
  9357 | D:10     | Reached skill level 11 in Fighting
  9406 | D:10     | Reached skill level 5 in Invocations
  9523 | D:10     | Reached XP level 11. HP: 62/74 MP: 14/14
 10096 | D:11     | Found a portal to a secret trove of treasure.
 10251 | D:11     | Noticed a hill giant
 10265 | D:11     | Killed a hill giant
 10333 | D:11     | Noticed a four-headed hydra
 10338 | D:11     | Killed a four-headed hydra
 10338 | D:11     | Reached skill level 12 in Fighting
 10951 | D:12     | Received a gift from Okawaru
 11103 | D:12     | Noticed a hill giant
 11148 | D:12     | Killed a hill giant
 11290 | D:12     | Noticed a hill giant
 11298 | D:12     | Killed a hill giant
 11298 | D:12     | Reached XP level 12. HP: 67/82 MP: 17/17
 11511 | D:12     | Reached skill level 13 in Fighting
 11803 | D:13     | Reached skill level 10 in Armour
 12212 | D:13     | Noticed a centaur warrior
 12222 | D:13     | Killed a centaur warrior
 12332 | D:13     | Noticed a centaur warrior
 12333 | D:13     | Noticed a centaur warrior
 12354 | D:13     | Killed a centaur warrior
 12362 | D:13     | Received a gift from Okawaru
 12382 | D:13     | Killed a centaur warrior
 12382 | D:13     | Reached skill level 1 in Dodging
 12897 | D:14     | Reached ****** piety under Okawaru
 12984 | D:14     | Reached skill level 14 in Fighting
 13121 | D:14     | Noticed a tengu warrior
 13238 | D:14     | Killed a tengu warrior
 13516 | D:14     | Noticed a vault guard
 13848 | D:15     | Entered Level 15 of the Dungeon
 13858 | D:15     | Received a gift from Okawaru
 13867 | D:15     | Found a staircase to the Depths.
 13916 | D:15     | Reached XP level 13. HP: 79/91 MP: 18/18
 14373 | D:15     | Gained mutation: You are clumsy. (Dex -2) [potion of mutation]
 14373 | D:15     | Gained mutation: You are partially covered in large bone plates (AC +2, SH +2). [potion of mutation]
 14373 | D:15     | Gained mutation: You can breathe flames. [potion of mutation]
 14384 | D:15     | Noticed an eight-headed hydra
 14394 | D:15     | Killed an eight-headed hydra
 14598 | D:15     | Reached skill level 10 in Maces & Flails
 14723 | D:15     | Noticed a yaktaur captain
 14747 | D:15     | Killed a yaktaur captain
 14747 | D:15     | Reached skill level 15 in Fighting
 15306 | D:15     | Lost intelligence.
 15347 | D:15     | Lost intelligence.
 15991 | D:14     | Noticed a fire dragon
 16030 | D:14     | Noticed a tengu warrior
 16048 | D:14     | Noticed a vault guard
 16443 | D:14     | Noticed a centaur warrior
 16456 | D:14     | Killed a centaur warrior
 16677 | D:14     | Killed a tengu warrior
 16877 | D:14     | Noticed a tengu warrior
 16896 | D:14     | Killed a tengu warrior
 16935 | D:14     | Received a gift from Okawaru
 17109 | D:14     | Noticed a vault guard
 17136 | D:14     | Killed a vault guard
 17151 | D:14     | Killed a fire dragon
 17151 | D:14     | Gained mutation: Your large and strong wings let you fly indefinitely. [Gargoyle growth]
 17151 | D:14     | Reached XP level 14. HP: 79/99 MP: 13/19
 17243 | D:14     | Noticed an ogre mage
 17264 | D:14     | Paralysed by an ogre mage for 7 turns
 17274 | D:14     | Killed an ogre mage
 17331 | D:14     | Killed a vault guard
 17365 | D:14     | Killed a vault guard
 17365 | D:14     | Reached skill level 16 in Fighting
 17376 | D:14     | Found a gate to the Vaults.
 17376 | D:14     | Noticed a vault guard
 17376 | D:14     | Noticed a vault guard
 17388 | D:14     | Killed a vault guard
 17388 | D:14     | Received a gift from Okawaru
 17401 | D:14     | Killed a vault guard
 17401 | D:14     | Reached skill level 5 in Dodging
 17495 | D:14     | Noticed a six-headed hydra
 17881 | D:14     | Killed a six-headed hydra
 18394 | Lair:1   | Entered Level 1 of the Lair of Beasts
 18395 | Lair:1   | Found a white marble altar of Elyvilon.
 18619 | Lair:1   | Received a gift from Okawaru
 20096 | Lair:3   | Noticed Fannar
 20154 | Lair:3   | Killed Fannar
 20419 | Lair:3   | Noticed Harold
 20442 | Lair:3   | Killed Harold
 20506 | Lair:3   | Reached skill level 17 in Fighting
 20554 | Lair:3   | Found a frozen archway.
 20574 | IceCv    | Entered an ice cave
 21035 | IceCv    | Found an ancient bone altar of Kikubaaqudgha.
 21529 | Lair:3   | Reached XP level 15. HP: 107/107 MP: 20/20
 22359 | Lair:4   | Received a gift from Okawaru
 23101 | Lair:5   | Gained mutation: You are resistant to hostile enchantments. [potion of beneficial mutation]
 24545 | Lair:6   | Found a staircase to the Snake Pit.
 24565 | Snake:1  | Entered Level 1 of the Snake Pit
 24623 | Snake:1  | Gained mutation: You possess an exceptional clarity of mind. [potion of beneficial mutation]
 24707 | Snake:1  | Received a gift from Okawaru
 24707 | Snake:1  | Reached skill level 18 in Fighting
 24874 | Snake:1  | Found Ricazul's Assorted Antiques.
 24879 | Snake:1  | Bought a glowing cloak for 166 gold pieces
 24879 | Snake:1  | Bought a potion of heal wounds for 185 gold pieces
 25336 | Snake:1  | Received a gift from Okawaru
 25670 | Snake:2  | Reached XP level 16. HP: 116/116 MP: 16/21
 25703 | Snake:2  | Noticed a greater naga
 25707 | Snake:2  | Noticed a greater naga
 25718 | Snake:2  | Killed a greater naga
 25730 | Snake:2  | Killed a greater naga
 26105 | Snake:2  | Noticed a greater naga
 26157 | Snake:2  | Killed a greater naga
 26568 | Snake:2  | Received a gift from Okawaru
 26580 | Snake:2  | Reached skill level 19 in Fighting
 27086 | Snake:3  | Noticed Asterion
 27134 | Snake:3  | HP: 2/116 [something/bolt of fire (14)]
 27141 | Snake:3  | HP: 5/116 [something (3)]
 27141 | Snake:3  | HP: 1/116 [something (4)]
 27672 | Snake:3  | Killed Asterion
 27741 | Snake:3  | Noticed Aizul
 27766 | Snake:3  | Killed Aizul
 27791 | Snake:3  | Reached skill level 1 in Evocations
 28032 | Snake:3  | Noticed Donald
 28065 | Snake:3  | Killed Donald
 28099 | Snake:3  | Received a gift from Okawaru
 28145 | Snake:4  | Entered Level 4 of the Snake Pit
 28631 | Snake:4  | Reached XP level 17. HP: 122/122 MP: 16/22
 28978 | Snake:4  | Found Pesoraiv's Armour Boutique.
 29051 | Snake:4  | Received a gift from Okawaru
 29215 | Snake:4  | Reached skill level 20 in Fighting
 29298 | Snake:4  | Reached skill level 10 in Shields
 29394 | Snake:4  | Reached skill level 15 in Armour
 29480 | Snake:4  | Received a gift from Okawaru
 29490 | Snake:4  | Got a serpentine rune of Zot
 29938 | Lair:6   | Found a staircase to the Shoals.
 30593 | Lair:7   | Found a staircase to the Slime Pits.
 31103 | Lair:8   | Entered Level 8 of the Lair of Beasts
 31496 | Lair:8   | Reached XP level 18. HP: 131/131 MP: 23/23
 31667 | Lair:8   | Reached skill level 5 in Evocations
 32204 | Lair:8   | Received a gift from Okawaru
 32212 | Lair:8   | Got a pitted plate armour {god gift}
 32223 | Lair:8   | Identified the +0 plate armour of Opeang {MP+9} (Okawaru gifted it to you on level 8 of the Lair of Beasts)
 32340 | Shoals:1 | Entered Level 1 of the Shoals
 32851 | Shoals:1 | Noticed Louise
 32884 | Shoals:1 | Killed Louise
 33371 | Shoals:2 | Identified a +0 pair of boots of running (You found it on level 2 of the Shoals)
 33600 | Shoals:2 | Found Lacalis's Antique Armour Emporium.
 33629 | Shoals:2 | Bought a pair of translucent gloves for 370 gold pieces
 33629 | Shoals:2 | Bought a twisted cloak for 370 gold pieces
 33651 | Shoals:2 | Identified the +0 pair of gloves of Sin {SInv} (You bought it in a shop on level 2 of the Shoals)
 33661 | Shoals:2 | Identified the +1 cloak "Niynerph" {MP+9} (You bought it in a shop on level 2 of the Shoals)
 33952 | Shoals:2 | Got a scorched brass ring
 34311 | Shoals:3 | Reached skill level 21 in Fighting
 34375 | Shoals:4 | Entered Level 4 of the Shoals
 35261 | Shoals:3 | Received a gift from Okawaru
 35280 | Shoals:4 | Noticed Ilsuiw
 35401 | Shoals:4 | Killed Ilsuiw
 35474 | Shoals:4 | Identified the ring "Omubiargha" {+/*Tele rElec MP+9} (You found it on level 2 of the Shoals)
 35825 | Shoals:4 | Reached XP level 19. HP: 114/137 MP: 24/24
 36159 | Shoals:4 | Noticed Polyphemus
 36226 | Shoals:4 | Killed Polyphemus
 36723 | Shoals:4 | Received a gift from Okawaru
 37410 | Shoals:4 | Got a barnacled rune of Zot
 38236 | D:11     | Reached skill level 1 in Throwing
 38950 | Depths:1 | Entered Level 1 of the Depths
 39078 | Depths:1 | Noticed WereVolvo's ghost (veteran HOFi)
 39586 | Depths:1 | Killed WereVolvo's ghost
 39586 | Depths:1 | Reached skill level 22 in Fighting
 39848 | Depths:1 | Noticed a caustic shrike
 39875 | Depths:1 | Killed a caustic shrike
 40027 | Depths:1 | Got a faintly glowing amethyst amulet
 40213 | Depths:1 | Found a gateway to Hell.
 40257 | Depths:1 | Reached skill level 15 in Maces & Flails
 40266 | Depths:1 | Reached XP level 20. HP: 145/145 MP: 25/25
 40368 | Depths:1 | Found a one-way gate to the infinite horrors of the Abyss.
 40554 | Depths:1 | Found a basalt altar of Yredelemnul.
 41348 | Depths:2 | Received a gift from Okawaru
 41595 | Depths:2 | Identified the amulet of Ipam {Faith +Fly rC+ SInv Stlth+} (You took it off a tengu warrior on level 1 of the Depths)
 41880 | Depths:2 | Noticed Saint Roka
 42002 | Depths:2 | Killed Saint Roka
 42509 | Depths:2 | Reached skill level 5 in Throwing
 42616 | Depths:2 | Received a gift from Okawaru
 43248 | Depths:2 | Reached skill level 23 in Fighting
 43248 | Depths:2 | Reached XP level 21. HP: 148/153 MP: 26/26
 43903 | Depths:3 | Found a gateway to a ziggurat.
 44068 | Depths:3 | Received a gift from Okawaru
 44091 | Depths:3 | Found a one-way gate leading to the halls of Pandemonium.
 45510 | Depths:4 | Noticed a juggernaut
 45558 | Depths:4 | Killed a juggernaut
 45558 | Depths:4 | Received a gift from Okawaru
 45747 | Depths:4 | Reached XP level 22. HP: 161/161 MP: 27/27
 45997 | Depths:5 | Entered Level 5 of the Depths
 46177 | Depths:5 | Reached skill level 24 in Fighting
 47242 | Depths:5 | Reached skill level 15 in Shields
 47273 | Depths:5 | Received a gift from Okawaru
 47464 | Depths:5 | Found a gate to the Realm of Zot.
 47971 | Depths:1 | Received a gift from Okawaru
 47974 | Depths:1 | Got a transparent flail {god gift}
 47975 | Depths:1 | Identified the +8 flail "Qitex" {antimagic, rC- MR- Int+3 SInv} (Okawaru gifted it to you on level 1 of the Depths)
 48026 | Hell     | Entered the Vestibule of Hell
 48026 | Hell     | Noticed Geryon
 48176 | Vaults:1 | Entered Level 1 of the Vaults
 48265 | Vaults:1 | Noticed Jorgrun
 48279 | Vaults:1 | Killed Jorgrun
 48697 | Vaults:1 | Received a gift from Okawaru
 49513 | Vaults:1 | Received a gift from Okawaru
 49790 | Vaults:2 | Reached XP level 23. HP: 168/168 MP: 28/28
 50599 | Vaults:2 | Found Guppooc's Distillery.
 50844 | Vaults:2 | Bought a potion of heal wounds for 70 gold pieces
 50844 | Vaults:2 | Bought a potion of berserk rage for 70 gold pieces
 50844 | Vaults:2 | Bought a potion of heal wounds for 70 gold pieces
 50844 | Vaults:2 | Bought a potion of might for 56 gold pieces
 50844 | Vaults:2 | Bought a potion of heal wounds for 70 gold pieces
 50844 | Vaults:2 | Bought a potion of heal wounds for 70 gold pieces
 51784 | Vaults:3 | Received a gift from Okawaru
 52304 | Vaults:3 | Received a gift from Okawaru
 52307 | Vaults:3 | Got an ichor-stained large shield {god gift}
 52318 | Vaults:3 | Noticed Sojobo
 52396 | Vaults:3 | Killed Sojobo
 52732 | Vaults:3 | Found a staircase to the Crypt.
 52732 | Vaults:3 | Found an ancient bone altar of Kikubaaqudgha.
 52732 | Vaults:3 | Found a basalt altar of Yredelemnul.
 52922 | Vaults:3 | Identified the +9 large shield of Fun {+Fly rElec Str-5 Stlth+} (Okawaru gifted it to you on level 3 of the Vaults)
 53094 | Vaults:3 | Reached skill level 25 in Fighting
 53150 | Crypt:1  | Entered Level 1 of the Crypt
 54472 | Crypt:1  | Reached XP level 24. HP: 174/176 MP: 28/28
 55130 | Crypt:2  | Noticed Mennas
 55221 | Crypt:2  | Killed Mennas
 55609 | Crypt:2  | Received a gift from Okawaru
 55657 | Crypt:2  | Got a heavily runed tin ring
 56789 | Crypt:3  | Entered Level 3 of the Crypt
 57113 | Crypt:3  | Found a basalt altar of Yredelemnul.
 57855 | Crypt:3  | Noticed Jory
 57921 | Crypt:3  | Killed Jory
 58025 | Crypt:3  | Found a staircase to the Tomb.
 58142 | Crypt:3  | Received a gift from Okawaru
 58240 | Crypt:3  | Got a pair of scorched boots {god gift}
 58247 | Crypt:3  | Identified the ring "Wanorch" {Wiz rF+ MP-9 Stlth+} (You found it on level 2 of the Crypt)
 58260 | Crypt:3  | Identified the +2 pair of boots of Exclusion {+Fly rN++ MP-9 Int-5} (Okawaru gifted it to you on level 3 of the Crypt)
 58477 | Crypt:3  | Got a pitted platinum ring
 58482 | Crypt:3  | Identified the ring of Qih Esoh {Wiz rElec Int+3} (You found it on level 3 of the Crypt)
 59220 | Tomb:1   | Entered Level 1 of the Tomb of the Ancients
 59468 | Tomb:1   | Reached XP level 25. HP: 183/183 MP: 19/28
 59651 | Tomb:1   | Noticed a greater mummy
 59993 | Tomb:1   | Lost intelligence.
 60068 | Tomb:1   | Noticed a greater mummy
 60097 | Tomb:1   | Killed a greater mummy
 60790 | Tomb:1   | Got a glittering lead ring
 60793 | Tomb:1   | Identified the ring of Altruism {rF++ Str+9 Dex-4 SInv} (You took it off a mummy priest on level 1 of the Tomb of the Ancients)
 61131 | Tomb:2   | Noticed a greater mummy
 61132 | Tomb:2   | Noticed a greater mummy
 61234 | Tomb:2   | Noticed a greater mummy
 61234 | Tomb:2   | Noticed a greater mummy
 61428 | Tomb:1   | Killed a greater mummy
 61428 | Tomb:1   | Received a gift from Okawaru
 61428 | Tomb:1   | Reached skill level 10 in Dodging
 62518 | Tomb:1   | Killed a greater mummy
 62518 | Tomb:1   | Reached skill level 26 in Fighting
 62532 | Tomb:1   | Killed a greater mummy
 62532 | Tomb:1   | Received a gift from Okawaru
 62878 | Tomb:1   | Killed a greater mummy
 63484 | Tomb:2   | Received a gift from Okawaru
 64627 | Tomb:1   | Killed a greater mummy
 65122 | Vaults:4 | Found Fuomel's Antique Weapon Shoppe.
 65182 | Vaults:4 | Found Reqyuq's Assorted Antiques.
 65223 | Vaults:4 | Received a gift from Okawaru
 65307 | Vaults:4 | Found Equs's Armour Shop.
 65926 | Vaults:4 | Found Omauttew's Gadget Emporium.
 65927 | Vaults:4 | Found Feaqec's Distillery.
 65933 | Vaults:4 | Bought a potion of heal wounds for 80 gold pieces
 65933 | Vaults:4 | Bought a potion of heal wounds for 80 gold pieces
 66373 | Vaults:4 | Found Laar's Assorted Antiques.
 66379 | Vaults:4 | Bought a potion of heal wounds for 195 gold pieces
 66592 | Vaults:5 | Entered Level 5 of the Vaults
 66710 | Vaults:5 | Noticed nublet's ghost (veteran CeIE)
 67061 | Vaults:4 | Reached XP level 26. HP: 152/192 MP: 28/28
 67613 | Vaults:5 | Noticed an ancient lich
 67766 | Vaults:4 | Killed an ancient lich
 68351 | Vaults:4 | Received a gift from Okawaru
 69489 | Vaults:5 | Reached skill level 27 in Fighting
 70085 | Vaults:5 | Killed nublet's ghost
 70408 | Vaults:5 | Got a faintly humming plate armour
 70409 | Vaults:5 | Identified the +1 plate armour of the Equator {Str+3} (You found it on level 5 of the Vaults)
 70500 | Vaults:5 | Identified the Catalogue of the Shore
 70519 | Vaults:5 | Got an ancient crystal plate armour
 70525 | Vaults:5 | Identified the +2 crystal plate armour "Miogoq" {+Blink rF+ MR++} (You found it on level 5 of the Vaults)
 70963 | Vaults:5 | Got a silver rune of Zot
 71910 | Orc:1    | Entered Level 1 of the Orcish Mines
 71941 | Orc:1    | Found Isetaorr's Food Emporium.
 72457 | Orc:3    | Found a staircase to the Elven Halls.
 72713 | Orc:4    | Entered Level 4 of the Orcish Mines
 72714 | Orc:4    | Found Naxkox's Jewellery Shop.
 72908 | Orc:4    | Found Ypnoqigiab's General Store.
 72931 | Orc:4    | Found Pissoras's Antique Weapon Boutique.
 72932 | Orc:4    | Found Gakkaiq's General Store.
 73489 | Elf:1    | Entered Level 1 of the Elven Halls
 74320 | Elf:1    | Reached XP level 27. HP: 199/199 MP: 21/29
 74765 | Elf:2    | Found a runed gate.
 74767 | Elf:2    | Found a runed gate.
 74770 | Elf:2    | Found a runed gate.
 74797 | Elf:2    | Noticed Roxanne
 74847 | Elf:2    | Killed Roxanne
 75438 | Elf:2    | Received a gift from Okawaru
 76097 | Elf:3    | Entered Level 3 of the Elven Halls
 76511 | Elf:3    | Received a gift from Okawaru
 76963 | Elf:3    | Got a wavering granite ring
 77104 | Elf:3    | Reached skill level 10 in Evocations
 77144 | Elf:3    | Got an ancient scale mail
 77145 | Elf:3    | Identified the ring "Udwa" {Wiz *Corrode rF+ Dex-5 SInv} (You took it off a deep elf demonologist on level 3 of the Elven Halls)
 77146 | Elf:3    | Identified the +3 scale mail of Yluet {-Tele MP-9 Str+4 SInv} (You found it on level 3 of the Elven Halls)
 77182 | Elf:3    | Got a glittering granite ring
 77290 | Elf:3    | Identified the ring of Wost {rElec rC+ rN++ Str+2 Int+4} (You took it off a deep elf fighter on level 3 of the Elven Halls)
 77295 | Elf:3    | Got a bound lead ring
 77296 | Elf:3    | Identified the ring of the Five Beggars {MR+ Str+3 Int+7} (You found it on level 3 of the Elven Halls)
 77866 | Elf:3    | Identified Qeoxkizu's Volume of Summoning
 78323 | Slime:1  | Entered Level 1 of the Pits of Slime
 79541 | Zot:1    | Entered Level 1 of the Realm of Zot
 79840 | Zot:1    | Received a gift from Okawaru
 81340 | Zot:2    | Received a gift from Okawaru
 82374 | Zot:3    | Received a gift from Okawaru
 82626 | Zot:3    | Reached skill level 15 in Dodging
 84069 | Zot:4    | Received a gift from Okawaru
 84246 | Zot:4    | Received a gift from Okawaru
 84860 | Zot:5    | Entered Level 5 of the Realm of Zot
 85070 | Zot:5    | Noticed an orb of fire
 85083 | Zot:5    | Gained mutation: Your body sometimes deteriorates upon taking damage. [an orb of fire]
 85090 | Zot:5    | Gained mutation: You occasionally shout uncontrollably at your foes. [an orb of fire]
 85107 | Zot:5    | Killed an orb of fire
 85526 | Zot:5    | Noticed an ancient lich
 85623 | Zot:5    | Noticed an ancient lich
 85681 | Zot:5    | Lost mutation: You are clumsy. (Dex -2) [helix card]
 85706 | Zot:5    | Killed an ancient lich
 85769 | Zot:5    | Noticed an orb of fire
 85769 | Zot:5    | Gained mutation: You are clumsy. (Dex -2) [an orb of fire]
 85822 | Zot:5    | Killed an orb of fire
 85877 | Zot:5    | Noticed an orb of fire
 85877 | Zot:5    | Gained mutation: You are dopey. (Int -2) [an orb of fire]
 85891 | Zot:5    | Gained mutation: You expend magic power (3 MP) to strengthen your wands. [an orb of fire]
 85893 | Zot:5    | Gained mutation: You are occasionally teleported next to monsters. [an orb of fire]
 85897 | Zot:5    | Gained mutation: Scrolls take you a little longer to read. [an orb of fire]
 85910 | Zot:5    | Gained mutation: You regenerate slowly when monsters are visible. [an orb of fire]
 85923 | Zot:5    | Killed an orb of fire
 86020 | Zot:5    | Noticed an ancient lich
 86021 | Zot:5    | Noticed an orb of fire
 86027 | Zot:5    | Gained mutation: You have sharp toenails. [an orb of fire]
 86028 | Zot:5    | Noticed an ancient lich
 86029 | Zot:5    | Noticed an orb of fire
 86033 | Zot:5    | Gained mutation: Armour fits poorly on your strangely shaped body. [an orb of fire]
 86034 | Zot:5    | Noticed an orb of fire
 86049 | Zot:5    | Noticed an orb of fire
 86052 | Zot:5    | Killed an ancient lich
 86052 | Zot:5    | Gained mutation: Your body often deteriorates upon taking damage. [an orb of fire]
 86063 | Zot:5    | Gained mutation: Scrolls take you longer to read. [an orb of fire]
 86064 | Zot:5    | Gained mutation: You tend to lose your temper in combat. [an orb of fire]
 86064 | Zot:5    | Slain by an Orb Guardian

Action                   |  1- 3 |  4- 6 |  7- 9 | 10-12 | 13-15 | 16-18 | 19-21 | 22-24 | 25-27 || total
-------------------------+-------+-------+-------+-------+-------+-------+-------+-------+-------++-------
Melee: Flail             |   122 |    97 |       |       |       |       |       |       |       ||   219
       Mace              |       |   113 |   244 |       |       |       |       |       |       ||   357
       Whip              |       |       |   229 |   463 |       |       |       |       |       ||   692
       Dire flail        |       |       |       |   532 |   500 |       |       |       |       ||  1032
       Demon whip        |       |       |       |       |  1957 |  3389 |  3641 |  4104 |  6270 || 19361
Throw: Throwing net      |       |       |       |       |       |     1 |       |    13 |     1 ||    15
       Javelin           |       |       |       |       |       |       |       |     3 |     3 ||     6
Invok: Heroism           |       |       |     2 |     5 |     6 |     8 |    10 |     5 |     9 ||    45
       Finesse           |       |       |       |     4 |     4 |     7 |    10 |     5 |     7 ||    37
 Abil: Evoke Berserk Rag |       |       |       |     1 |       |       |       |       |       ||     1
       Breathe Fire      |       |       |       |       |     1 |     1 |       |       |       ||     2
       Evoke Blink       |       |       |       |       |       |       |       |       |     4 ||     4
Evoke: Wand              |       |     3 |     6 |     2 |     4 |     5 |     6 |     3 |    10 ||    39
       Deck              |       |       |       |     3 |       |       |       |       |     2 ||     5
       Sack of spiders   |       |       |       |       |       |       |       |       |     7 ||     7
       Stone of tremors  |       |       |       |       |       |       |       |       |     1 ||     1
       Disc of storms    |       |       |       |       |       |       |       |       |     1 ||     1
  Use: Potion            |       |     5 |     5 |     2 |    11 |    14 |    12 |     8 |    17 ||    74
       Scroll            |       |     9 |     5 |     9 |    31 |    10 |    24 |    24 |    30 ||   142
 Stab: Held in net/web   |       |       |       |       |       |     1 |     1 |     5 |       ||     7
       Petrifying        |       |       |       |       |       |     1 |       |       |     2 ||     3
       Distracted        |       |       |       |       |       |       |       |       |     1 ||     1
       Invisible         |       |       |       |       |       |       |       |       |     3 ||     3
       Confused          |       |       |       |       |       |       |       |       |     1 ||     1
       Petrified         |       |       |       |       |       |       |       |       |     1 ||     1
  Eat: Chunk             |     2 |     6 |    13 |    21 |    20 |    17 |    13 |    21 |    50 ||   163
       Fruit             |     1 |       |     2 |     1 |     4 |     9 |     5 |     1 |    13 ||    36
       Beef jerky        |       |       |       |     1 |     1 |     1 |       |     4 |     9 ||    16
       Pizza             |       |       |       |     1 |     3 |       |     2 |     2 |     1 ||     9
       Meat ration       |       |       |       |       |     3 |     2 |     3 |     4 |     2 ||    14
       Bread ration      |       |       |       |       |     1 |       |       |     1 |     7 ||     9
       Royal jelly       |       |       |       |       |       |       |       |     2 |     1 ||     3
